 Dungeon Crawl Stone Soup version 0.28-a0-6-g334057b (webtiles) character file.

Game seed: 5475053065811680208

42 Illumine the Poker (level 3, 0/28 HPs)
             Began as a Merfolk Gladiator on July 23, 2021.
             Slain by a goblin (5 damage)
             ... led by Robin
             ... on level 1 of the Dungeon.
             The game lasted 00:01:40 (1396 turns).

Illumine the Poker (Merfolk Gladiator)              Turns: 1396, Time: 00:01:41

Health: 0/28       AC:  5    Str: 15    XL:     3   Next: 54%
Magic:  3/3        EV: 13    Int:  7    God:
Gold:   19         SH:  0    Dex: 15    Spells: 2/2 levels left

rFire   . . .      SeeInvis .   a - +0 trident
rCold   . . .      Faith    .   (no shield)
rNeg    . . .      Spirit   .   b - +0 leather armour
rPois   .          Reflect  .   c - +0 helmet
rElec   .          Harm     .   (no cloak)
rCorr   .          Rampage  .   e - +0 pair of gloves
Will    .....                   (no boots)
Stlth   +.........              (no amulet)
HPRegen 0.09/turn               (no ring)
MPRegen 0.08/turn               (no ring)

@: no status effects
A: (nimble swimmer 2), mertail
a: no special abilities


You were on level 1 of the Dungeon.
You visited 1 branch of the dungeon, and saw 2 of its levels.

You collected 19 gold pieces.

Inventory:

Hand Weapons
 a - a +0 trident (weapon)
Missiles
 d - 3 throwing nets (quivered)
 f - 56 stones
Armour
 b - a +0 leather armour (worn)
 c - a +0 helmet (worn)
 e - a +0 pair of gloves (worn)
Scrolls
 j - a scroll of magic mapping {unknown}
Potions
 g - a potion of invisibility {unknown}
 h - a potion of magic {unknown}
 i - a potion of curing {unknown}


   Skills:
 + Level 2.9 Fighting
 * Level 5.8 Polearms
 - Level 2.0 Throwing
 + Level 4.2 Dodging


You had 2 spell levels left.
You didn't know any spells.
Your spell library was empty.

Dungeon Overview and Level Annotations

Branches:
Dungeon (2/15)

Altars:

Annotations:
D:2 Robin


Innate Abilities, Weirdness & Mutations

((You are quick and stealthy near water. (Stealth+, EV+, Speed+++)))
Your lower body shifts to a powerful aquatic tail in water.


Message History

Level annotation: Robin The goblin hits you but does no damage.
Robin roars a battlecry!
The goblins go into a battle-frenzy!
The goblin hits you with a +0 club.
There is a stone staircase leading up here.
The goblin barely misses you. The goblin hits you with a +0 club.
Robin flexes a bicep menacingly.
Robin throws the goblin at you!
You climb upwards.
There is a stone staircase leading down here.
Unknown command.
You closely miss the goblin. The goblin barely misses you. x2
The goblin barely misses you.
The goblin hits you with a +2 dagger of venom.
You are poisoned.
You feel sick.
Items here: ))) †.
You feel sick.
You are too injured to fight recklessly!
You are too injured to fight recklessly!
You hit the goblin.
The goblin is heavily wounded.
You feel sick. The goblin misses you.
You puncture the goblin!
You kill the goblin!
You feel sick. The goblin closely misses you.
You closely miss the goblin.
You feel sick. The goblin hits you but does no damage.
You closely miss the goblin.
You feel sick.
You are no longer poisoned.
The goblin misses you.
You hit the goblin.
The goblin is moderately wounded.
The goblin hits you with a +0 club.
* * * LOW HITPOINT WARNING * * *
You closely miss the goblin.
The goblin is moderately wounded.
The goblin hits you with a +0 club.
You die...

.........♣♣..........♣♣♣♣..P.♣♣PP
♣......P...P.......♣.♣♣♣......♣♣.
♣♣♣.......#####..........P.PP.♣.P
P♣♣......+.....).........P♣♣♣♣♣♣P
PP♣♣.....#####..>.........PP♣P♣♣P
.P♣♣.........###...........P.P♣♣.
.....#####.#...#.#####.####P..♣P.
.P♣♣## ######.#g#.....# ##...P.


PP♣ #......#@#.##### ##...# P♣♣ #.###.##.#.# ##### ♣♣ #.# #....#.# #.# ######.#
#.########.# #..........# ############ You could see a goblin (strong).

Vanquished Creatures
  A gnoll (D:1)
  2 endoplasms
  3 giant cockroaches
  4 goblins (D:1)
  A hobgoblin (D:1)
  3 jackals (D:1)
  4 quokkas (D:1)
  3 bats (D:1)
  A frilled lizard (D:1)
  3 kobolds (D:1)
  4 rats (D:1)
29 creatures vanquished.

Vanquished Creatures (others)
  A bush (D:1)
1 creature vanquished.

Grand Total: 30 creatures vanquished

Notes
Turn   | Place    | Note
-------+----------+-------------------------------------------
     0 | D:1      | Illumine the Merfolk Gladiator began the quest for the Orb.
     0 | D:1      | Reached XP level 1. HP: 16/16 MP: 1/1
   330 | D:1      | Reached XP level 2. HP: 23/23 MP: 2/2
   346 | D:1      | Reached skill level 5 in Polearms
   408 | D:1      | Found a faded altar of an unknown god.
   913 | D:1      | Reached XP level 3. HP: 28/28 MP: 3/3
  1216 | D:2      | Noticed Robin
  1396 | D:1      | Slain by a goblin

Illustrated notes

Levels and vault maps discovered:
D:1:      psy_arrival_fountain, layout_basic,
          dreamdust_ecumenical_altar_hidden_monk_grotto, serial_forest,
          infiniplex_forest_diagonal, infiniplex_forest_fountain,
          infiniplex_forest_lined_corner, infiniplex_forest_clump_long,
          infiniplex_forest_clump_cross, infiniplex_forest_lined_room_,
          infiniplex_forest_clump_C, infiniplex_forest_clump_curved,
          chequers_serial_rivers_small_b
D:2:      layout_basic, st_stairs_12, uniq_robin

Skill      XL: |  1  2 |
---------------+-------+-----
Polearms       | 5 |  5.8
Fighting       | |  2.9
Throwing       | |  2.0
Dodging        | |  4.2

Action                   || total
-------------------------++-------
Melee: Trident           ||   103
Armor: Leather armour    ||    23
Dodge: Dodged            ||    77

Table legend: (Time is in decaauts)
 A = Elapsed time spent in this place.
 B = Non-inter-level travel time spent in this place.
 C = Inter-level travel time spent in this place.
 D = Time resting spent in this place.
 E = Time spent auto-exploring this place.
 F = Levels seen in this place.
 G = Mean time per level.
                   A        B        C        D        E       F      G
               +--------+--------+--------+--------+--------+-----+--------+
         Total |   1394 |   1367 |     27 |    555 |    573 |   2 |  697.0 |
       Dungeon |   1394 |   1367 |     27 |    555 |    573 |   2 |  697.0 |
               +--------+--------+--------+--------+--------+-----+--------+

Top non-repeatable levels by time:
     D:1: 1376 daAuts
     D:2: 17 daAuts
